[Event "Gibraltar Challengers A 2020"]
[Site "Caleta"]
[Date "2020.01.21"]
[Round "3.27"]
[White "Ankitha Goud Palle"]
[Black "Karlsson, Jorgen"]
[Result "1-0"]
[ECO "E61"]
[WhiteElo "1761"]
[BlackElo "2054"]
[Annotator "NA RC"]
[PlyCount "83"]
[EventDate "2020.01.20"]
[EventType "swiss"]
[EventCountry "GGB"]
[SourceTitle "playchess.com"]
[Source "ChessBase"]
[SourceQuality "1"]
[TimeControl "6600+10"]

1. Nf3 g6 2. d4 d6 3. c4 Bg7 4. Nc3 Bg4 5. e3 Nf6 6. Be2 O-O 7. O-O Na6 {[%emt 0:01:49] E61: King's Indian: Early deviations for White, including Smyslov System} (7... Nc6 8. d5 Nb8 9. h3 Bd7 10. e4 c6 11. Be3 Na6 12. Nd2 Rc8 13. Rc1 e6 14. dxe6 Bxe6 15. Nf3 Re8 {0-1 (38) Wang,H (2709)-Mamedyarov,S (2799) Huaian 2017}) 8. a3 c5 9. d5 Nc7 10. e4 a6 11. a4 $146 ({Predecessor:} 11. e5 Nfe8 12. exd6 Nxd6 13. Bf4 Bxf3 14. Bxf3 Nxc4 {0-1 (50) Castro Uceda,J (1558)-Fernandez Garcia,E (1624) Madrid 2016}) 11... b6 12. h3 Bd7 13. e5 dxe5 14. Nxe5 Nfe8 15. Bf4 Nd6 16. Bd3 Nce8 17. Re1 Nf6 18. Qd2 Re8 19. Bh6 Bh8 20. Qg5 Nf5 21. Bxf5 Bxf5 22. Re3 Nh5 23. Nc6 Bf6 24. Nxd8 Bxg5 25. Bxg5 Raxd8 26. g4 f6 27. Bh6 e5 28. gxh5 Kf7 29. Rg3 Rg8 30. hxg6+ Rxg6 31. Rxg6 Kxg6 32. Be3 a5 33. f4 Bxh3 34. fxe5 fxe5 35. Ne4 Bf5 36. Nd2 Bd3 37. Kh2 Rd6 38. Rg1+ Kf7 39. Nf3 Kf6 40. Bg5+ Kf5 41. Nh4+ Ke4 42. Rg4# 1-0

[Event "Gibraltar Challengers A 2020"]
[Site "Caleta"]
[Date "2020.01.21"]
[Round "3.28"]
[White "Kunnavakkam, Sudarshanagopal Vin"]
[Black "Verhoef, Jaap"]
[Result "1/2-1/2"]
[ECO "C44"]
[WhiteElo "1786"]
[BlackElo "2015"]
[Annotator "NA RC"]
[PlyCount "101"]
[EventDate "2020.01.20"]
[EventType "swiss"]
[EventCountry "GGB"]
[SourceTitle "playchess.com"]
[Source "ChessBase"]
[SourceQuality "1"]
[TimeControl "6600+10"]

1. e4 e5 2. d4 exd4 3. c3 Nf6 4. e5 Ne4 5. Nf3 Nc6 (5... dxc3 $11 6. Nxc3 Nxc3 7. bxc3 d5) 6. Nxd4 {[%emt 0:04:14] C44: Ponziani Opening and Scotch Gambit} (6. Qe2 d5 7. exd6 f5 8. Nbd2 Bxd6 9. Nxe4 fxe4 10. Qxe4+ Qe7 11. Qxe7+ Bxe7 12. Nxd4 Nxd4 13. cxd4 Be6 14. Be2 O-O-O 15. Be3 Bf6 {0-1 (49) Jones,G (2677)-Le,Q (2715) chess.com INT 2018}) 6... Nxd4 7. Qxd4 d5 8. exd6 Nxd6 9. Bf4 $146 ({Predecessor:} 9. Bd3 Bf5 10. O-O Bxd3 11. Qxd3 Be7 12. Re1 O-O 13. Bf4 Re8 14. Na3 Bf8 15. Nb5 Qd7 16. Nxd6 cxd6 17. Rad1 Qa4 {½-½ (17) Diaz,J-Jimenez Zerquera,E Camaguey 1974}) 9... Be6 10. Bd3 Qc8 (10... Nc4 $11 {remains equal.}) 11. O-O c5 12. Qe5 Qc6 13. Na3 Be7 14. Rfd1 O-O 15. Bg5 Bxg5 16. Bxh7+ Kxh7 17. Rxd6 Qxd6 (17... Qc8 $16 18. Qxg5 Rd8 19. Rxd8 Qxd8 20. Qxc5 Qd2) 18. Qxd6 Rfd8 19. Qxc5 Rd5 20. Qb4 Rad8 21. Rf1 Bf5 22. Qxb7 R8d7 23. Qb3 Bd3 24. Ra1 Be2 25. Qc2+ Bd3 26. Qd1 Bb5 27. Qxd5 $2 ({White should try} 27. Qg4 $18 Bc6 28. Nc2) 27... Rxd5 28. c4 Rd2 29. Nxb5 Rxb2 30. Nxa7 Bf6 31. Rc1 Bd4 32. Nc6 Bxf2+ 33. Kh1 Rxa2 34. Ne5 f6 $11 35. Nd3 Be3 36. Re1 Bd2 37. Rd1 Rc2 38. g3 Be3 39. Re1 Bd4 40. c5 Bxc5 41. Nxc5 Rxc5 42. Re2 Rc3 43. Kg2 Kg6 44. Ra2 f5 45. h3 Kh5 46. Rf2 Kg5 47. h4+ Kf6 48. g4 g6 49. Rf3 Rxf3 50. Kxf3 fxg4+ 51. Kxg4 1/2-1/2

[Event "Gibraltar Challengers A 2020"]
[Site "Caleta"]
[Date "2020.01.21"]
[Round "3.29"]
[White "Cannon, Richard J"]
[Black "Patola, Eero"]
[Result "1-0"]
[ECO "A00"]
[WhiteElo "1990"]
[BlackElo "1831"]
[Annotator "NA RC"]
[PlyCount "137"]
[EventDate "2020.01.20"]
[EventType "swiss"]
[EventCountry "GGB"]
[SourceTitle "playchess.com"]
[Source "ChessBase"]
[SourceQuality "1"]
[TimeControl "6600+10"]

1. e4 d5 2. Nc3 d4 3. Nce2 e5 4. Ng3 Nf6 5. Nf3 Nc6 6. Bc4 {[%emt 0:00:25] A00: Irregular Openings} h6 (6... Bd6 7. d3 Be6 8. Bxe6 fxe6 9. O-O O-O 10. c3 Nd7 11. a3 a6 12. cxd4 exd4 13. b4 Qf6 {1-0 (27) Popchev,M (2285)-Stojanovic,D (2304) Valjevo 2016}) 7. O-O Bd6 8. a3 Qe7 9. d3 g6 10. h3 Be6 11. Nd2 $146 ({Predecessor:} 11. Bxe6 Qxe6 {1-0 (35) Prior,S (1879)-Watson,D (1630) Gatwick 2011}) 11... O-O-O 12. Bxe6+ Qxe6 13. Nc4 Be7 14. a4 ({White should play} 14. b4 $11) 14... h5 15. b3 h4 16. Ne2 Nh5 17. f4 f5 18. exf5 $1 gxf5 19. fxe5 Nxe5 20. Nf4 Nxf4 21. Bxf4 Ng6 22. Bh2 Bg5 (22... Bb4 $1 $11 {remains equal.}) 23. Qf3 f4 24. Rae1 Qf5 25. Qe4 Qxe4 26. Rxe4 Rhf8 27. Ne5 Ne7 28. Nf3 Bf6 29. Bxf4 Nf5 30. Rfe1 Ng7 (30... b6 {is a better defense.} 31. b4 Kb7) 31. Bh6 Rg8 32. Bxg7 Rxg7 33. Nxh4 Rh8 34. Re8+ Rxe8 35. Rxe8+ Kd7 36. Re4 c5 37. Nf3 Kd6 38. g4 a6 39. Kf2 b5 40. axb5 axb5 41. Kg3 Kd5 42. Rf4 Be7 43. Rf5+ Ke6 44. b4 Bd6+ 45. Kg2 Rc7 46. h4 Rc8 47. h5 Be7 48. bxc5 Bxc5 49. Ng5+ Ke7 50. Ne4 Ba3 51. Rf2 Rg8 52. Kh3 Bc1 53. Kh4 Be3 54. Rf5 b4 55. g5 Rc8 56. Rc5 Rf8 57. Nf6 Kd6 58. Rc4 Rb8 59. h6 Rb5 60. Ne4+ Ke7 61. Rc7+ $18 (61. h7 $142 Bxg5+ 62. Nxg5 Rb8 {[#]} 63. Rxb4 $1 Rc8 64. Rb6 Rh8 65. Rg6 Kd7 66. Rg8 Rxh7+ 67. Nxh7) 61... Ke6 62. h7 Rb8 63. g6 Bh6 64. Kh5 Bf4 65. Rg7 Be5 66. Rg8 Rb5 67. Kg4 b3 68. cxb3 Rxb3 69. Re8+ 1-0

[Event "Gibraltar Challengers A 2020"]
[Site "Caleta"]
[Date "2020.01.21"]
[Round "3.30"]
[White "O`neil, Jim"]
[Black "Tkadlecek, Petr"]
[Result "1-0"]
[ECO "D00"]
[WhiteElo "1870"]
[BlackElo "1775"]
[Annotator "NA RC"]
[PlyCount "53"]
[EventDate "2020.01.20"]
[EventType "swiss"]
[EventCountry "GGB"]
[SourceTitle "playchess.com"]
[Source "ChessBase"]
[SourceQuality "1"]
[TimeControl "6600+10"]

1. d4 Nf6 2. Nc3 d5 3. Bf4 c6 4. e3 Bg4 5. f3 Bh5 6. g4 {[%emt 0:00:12] D00: 1 d4 d5: Unusual lines} Bg6 7. h4 h6 8. Bd3 Bxd3 9. Qxd3 e6 10. O-O-O Bb4 $146 ({Predecessor:} 10... Na6 11. Nge2 Qa5 12. Kb1 O-O-O 13. Nc1 {1-0 (69) Romanov,E (2644)-Nurkiewicz,M (2376) Graz 2017}) 11. Nge2 Nbd7 12. a3 Be7 13. Ng3 Qb6 14. g5 Ng8 15. e4 Qa5 (15... O-O-O $16) 16. exd5 cxd5 17. Nb5 Rc8 18. Nd6+ Bxd6 19. Bxd6 Ne7 20. Rde1 hxg5 $2 (20... Rc6 $14 21. Bxe7 Kxe7) 21. hxg5 Rh2 $16 22. Re2 Rxh1+ 23. Nxh1 Nf5 24. Qxf5 Qa6 25. Rxe6+ Kd8 26. Be7+ Kc7 27. Qf4+ 1-0

[Event "Gibraltar Challengers A 2020"]
[Site "Caleta"]
[Date "2020.01.21"]
[Round "3.31"]
[White "Nergard, Ole-Kristian"]
[Black "Hari Charan Sai Kalluri"]
[Result "0-1"]
[ECO "B51"]
[WhiteElo "1667"]
[BlackElo "1836"]
[Annotator "NA RC"]
[PlyCount "90"]
[EventDate "2020.01.20"]
[EventType "swiss"]
[EventCountry "GGB"]
[SourceTitle "playchess.com"]
[Source "ChessBase"]
[SourceQuality "1"]
[TimeControl "6600+10"]

1. e4 c5 2. Nf3 d6 3. Bb5+ Nd7 4. O-O Ngf6 5. Re1 e6 6. c3 Be7 7. d4 cxd4 8. cxd4 a6 9. Ba4 b5 10. Bc2 e5 11. Nbd2 Bb7 12. Nf1 O-O 13. Ng3 g6 14. Bh6 Re8 15. Bb3 Ng4 16. Bd2 Rc8 (16... exd4 $11 17. Nxd4 Nge5) 17. h3 Ngf6 18. a4 exd4 {[%emt 0:04:00] [#]} 19. axb5 $1 ({Don't play} 19. Nxd4 $6 Qb6 $11) 19... Nc5 (19... Qb6 $16 {might work better.}) 20. bxa6 Bxa6 21. Nxd4 Qb6 22. Ba5 Qb7 23. Bc3 h5 24. Bc2 Bc4 {[%emt 0:08:29] [#]} 25. Nf3 $2 (25. Ndf5 $1 $18 ) 25... Rcd8 $2 (25... Bb3 $16 {was worth a try.}) 26. Qd2 d5 $2 (26... Bb3 {was called for.} 27. Bxb3 Nxb3) 27. Qh6 $2 (27. exd5 Nxd5 28. Qh6 Nxc3 29. Bxg6 (29. bxc3 Bf8 $14) 29... fxg6 30. Qxg6+ Kf8 31. Nxh5) 27... Ne6 28. exd5 Bf8 29. Qc1 Nxd5 30. Be5 (30. Ba4 $16) 30... Rc8 31. Qd2 Red8 $1 32. Nd4 Nxd4 33. Bxd4 Nb4 34. Bxg6 fxg6 35. Qf4 Qf7 36. Qh4 Rxd4 37. Qxd4 Bc5 38. Qd2 Nd3 39. Re2 Rb8 40. Rb1 Rf8 41. Ne4 {[%emt 0:00:05] [#]} Nf4 $1 42. Nxc5 $19 (42. Ree1 $17 Qb7 43. b4) 42... Nxe2+ 43. Kh1 Qxf2 44. Nd7 Ng3+ 45. Kh2 Qxd2 0-1

[Event "Gibraltar Challengers A 2020"]
[Site "Caleta"]
[Date "2020.01.21"]
[Round "3.32"]
[White "Rakotomaharo, Yves Andre"]
[Black "Garcia-Blazquez Perez, Manuel"]
[Result "1-0"]
[ECO "A80"]
[WhiteElo "2020"]
[BlackElo "1825"]
[Annotator "NA RC"]
[PlyCount "91"]
[EventDate "2020.01.20"]
[EventType "swiss"]
[EventCountry "GGB"]
[SourceTitle "playchess.com"]
[Source "ChessBase"]
[SourceQuality "1"]
[TimeControl "6600+10"]

1. d4 f5 2. Nc3 Nf6 3. Bg5 e6 4. f3 (4. e4 fxe4 5. Nxe4 Be7 6. Bxf6 Bxf6 7. Nf3 Nc6 8. c3 O-O 9. Bd3 d6 10. Qc2 h6 11. O-O g5 12. Qe2 Bd7 13. Nfd2 e5 14. d5 Ne7 15. Nxf6+ Rxf6 16. Ne4 Rf7 17. Rad1 a5 18. Bb1 {0-1 (37) Zherebukh,Y (2595)-Kamsky,G (2675) Las Vegas 2016}) 4... Be7 5. e4 fxe4 6. fxe4 {[%emt 0:00:15] A80: Dutch Defence: Unusual White second moves} O-O 7. Nf3 d5 8. e5 $146 ({Predecessor:} 8. Bd3 c5 9. dxc5 Nxe4 10. Bxe7 Nxc3 11. Bxd8 Nxd1 12. Rxd1 Rxd8 {½-½ (41) Von Spreckelsen,A-Beyer,H Hamburg 1963}) 8... Ne4 9. Bxe7 Qxe7 10. Bd3 Nxc3 11. bxc3 c5 12. dxc5 Qxc5 13. Qd2 Nc6 14. Ke2 Na5 15. Qe3 b6 16. Nd4 Bd7 17. Rhf1 Nc4 18. Qh3 g6 19. Qg3 Qc7 20. Nf3 Rf7 21. h4 {[%emt 0:03:21] [#]} Rg7 $1 22. Rae1 Rf8 23. Kd1 {[%emt 0:00:29] [#]} (23. Nd4 $15) 23... Nb2+ $1 {[%emt 0:00:51] Discovered Attack} 24. Kd2 Na4 25. Ng5 Qxc3+ 26. Ke2 Rxf1 27. Rxf1 Qc8 28. Qf4 $1 Nc5 29. Nf7 h5 30. Nd6 Nxd3 31. cxd3 Qc2+ 32. Ke1 Qxd3 33. Rf3 Qb1+ 34. Kf2 Qxa2+ 35. Kg3 Qe2 36. Qf8+ Kh7 37. Nf7 Qe1+ 38. Rf2 Qe3+ 39. Kh2 Rg8 40. Ng5+ Qxg5 41. Qf7+ {[%emt 0:00:17] Double Attack} Rg7 $18 42. hxg5 Rxf7 43. Rxf7+ Kg8 44. Rxd7 Kf8 45. Rxa7 b5 46. Kg3 1-0

[Event "Gibraltar Challengers A 2020"]
[Site "Caleta"]
[Date "2020.01.21"]
[Round "3.34"]
[White "Auvinen, Esa"]
[Black "Perez Ruiz, Santiago"]
[Result "0-1"]
[ECO "C68"]
[WhiteElo "1850"]
[BlackElo "1953"]
[Annotator "NA RC"]
[PlyCount "124"]
[EventDate "2020.01.20"]
[EventType "swiss"]
[EventCountry "GGB"]
[SourceTitle "playchess.com"]
[Source "ChessBase"]
[SourceQuality "1"]
[TimeControl "6600+10"]

1. e4 e5 2. Nf3 Nc6 3. Bb5 a6 4. Bxc6 dxc6 5. d4 exd4 6. Qxd4 Bg4 7. Bf4 {[%emt 0:06:31] C68: Ruy Lopez: Exchange Variation, sidelines} (7. Qxd8+ Rxd8 8. Bg5 f6 9. Be3 Bxf3 10. gxf3 {½-½ (10) Drasko,M (2418)-Lazic,M (2420) Brixen Bressanone 2019}) 7... Qxd4 8. Nxd4 O-O-O 9. Ne2 Ne7 $146 ({Predecessor:} 9... Bb4+ 10. c3 Bc5 11. f3 Be6 12. Nd2 Ne7 13. Nb3 Bb6 14. Ned4 Bc4 {½-½ (59) Gorbacz,D-Korpalska,J (1508) Sielpia 2009}) 10. f3 Be6 11. Nbc3 h5 12. Kf2 Ng6 13. Be3 Ne5 14. b3 f6 15. Rhd1 Bd6 16. Rd2 g5 17. Rad1 Rdg8 (17... h4 $11 {keeps the balance.}) 18. Na4 (18. Rxd6 $16 cxd6 19. Rxd6) 18... f5 (18... Nd7 $11 {keeps the balance.}) 19. Bc5 (19. Nb6+ $16 Kb8 20. Rxd6 cxd6 21. Rxd6) 19... fxe4 20. Bxd6 cxd6 21. Rxd6 exf3 22. Rxe6 Ng4+ (22... fxe2 $11 {keeps the balance.} 23. Re1 Re8 24. Rxe8+ Rxe8) 23. Kg3 (23. Kxf3 $16 Rf8+ 24. Kg3) 23... fxe2 24. Rxe2 Rf8 25. c4 Nf2 26. Rxf2 h4+ 27. Kh3 Rxf2 28. Nc3 g4+ 29. Kxg4 Rg8+ 30. Kxh4 Rfxg2 31. Kh3 Rc2 32. Rd3 Rh8+ 33. Kg3 Rcxh2 34. Kf4 Rg2 35. c5 Re8 36. Ne4 Rf8+ 37. Ke5 Rxa2 38. Nd6+ Kc7 39. Rh3 Re2+ 40. Kd4 Re7 41. Nc4 Rd8+ 42. Kc3 Rd5 43. b4 Rg7 44. Nb6 Rdg5 45. Rh8 Rg3+ 46. Kb2 Rg8 47. Rh7+ R3g7 48. Rh6 Rf8 49. Kb3 Rf3+ 50. Ka4 Rg2 51. Rh7+ Kd8 52. Rh8+ Ke7 53. Nc8+ Ke6 54. Ka5 Rb2 55. Rh4 Ra3+ 56. Kb6 a5 $19 57. Kxb7 Rxb4+ 58. Rxb4 axb4 59. Nb6 b3 60. Nc4 Ra4 61. Nd2 Kd5 62. Kc7 Rb4 0-1

[Event "Gibraltar Challengers A 2020"]
[Site "Caleta"]
[Date "2020.01.21"]
[Round "3.35"]
[White "Adewole, Adeyinka"]
[Black "Niharika Ch"]
[Result "0-1"]
[ECO "E50"]
[WhiteElo "1941"]
[BlackElo "1865"]
[Annotator "NA RC"]
[PlyCount "70"]
[EventDate "2020.01.20"]
[EventType "swiss"]
[EventCountry "GGB"]
[SourceTitle "playchess.com"]
[Source "ChessBase"]
[SourceQuality "1"]
[TimeControl "6600+10"]

1. c4 Nf6 2. Nc3 e6 3. e3 d5 4. d4 Bb4 5. Nf3 O-O 6. Qb3 {[%emt 0:00:36] E50: Nimzo-Indian: Rubinstein: 4...0-0 5 Nf3} (6. Bd2 b6 7. cxd5 exd5 8. Bd3 Bb7 9. Ne5 Bd6 10. O-O c5 11. Rc1 Nc6 12. Ng4 Nd7 13. Nh6+ gxh6 14. Qg4+ Kh8 15. Qf5 Nf6 16. Nxd5 Nxd4 17. Qxf6+ Qxf6 18. Nxf6 {½-½ (40) Wei,Y (2725)-Karjakin,S (2754) Jerusalem 2019}) 6... Bxc3+ 7. bxc3 b6 8. cxd5 exd5 9. Ne5 Bf5 10. Be2 $146 ({Predecessor:} 10. Bb5 a6 11. Qa4 Bd7 12. Bxd7 Nbxd7 13. Nc6 b5 {0-1 (27) Kuehneweg,C-Reinholz,B Recklinghausen 2005}) 10... c5 11. Ba3 c4 12. Qb2 Re8 13. g4 Be6 14. Bf3 ({Better is} 14. O-O $11) 14... Nbd7 15. Nc6 Qc7 16. Ne7+ Kh8 17. h3 Rad8 18. Qc2 {[%emt 0:05:48] [#]} ({Better is} 18. g5 $1 $15) 18... Nf8 $1 19. Nf5 {[%emt 0:01:08] [#]} Ng6 $1 20. h4 $2 {[%emt 0:03:38] [#]} (20. Ng3 $17) 20... Nf4 $1 21. Kf1 Nd3 22. Be2 h5 23. Ng3 Bxg4 24. Bxd3 cxd3 25. Qxd3 Bf3 26. Rg1 Ne4 27. Bb2 Rd6 28. Nxe4 Rxe4 ({Less strong is} 28... Bxe4 29. Qb5 $17) 29. Rg3 Rf6 $19 30. Qb5 Rxe3 31. Re1 Be2+ 32. Rxe2 Qxg3 33. Qxd5 Rxe2 34. Qxh5+ Kg8 35. Qxe2 Qh3+ {[%emt 0:00:07] Qd1} 0-1

[Event "Gibraltar Challengers A 2020"]
[Site "Caleta"]
[Date "2020.01.21"]
[Round "3.36"]
[White "Lafour, Jephte"]
[Black "Aura, Kristian"]
[Result "0-1"]
[ECO "A04"]
[WhiteElo "1690"]
[BlackElo "1928"]
[Annotator "NA RC"]
[PlyCount "142"]
[EventDate "2020.01.20"]
[EventType "swiss"]
[EventCountry "GGB"]
[SourceTitle "playchess.com"]
[Source "ChessBase"]
[SourceQuality "1"]
[TimeControl "6600+10"]

1. e4 c5 2. Nf3 d6 3. g3 g6 4. Bg2 Bg7 5. O-O Nc6 6. d3 e6 7. c3 Nge7 8. Be3 O-O 9. Qb3 {[%emt 0:04:09] A04: Unusual lines after 1 Nf3 and King's Indian Attack} (9. Qd2 e5 10. Bh6 Bxh6 11. Qxh6 f6 12. Na3 Be6 13. Rfd1 Qb6 14. Bh3 Bf7 15. Nc4 Qc7 16. Ne3 Kh8 17. Bg4 {0-1 (27) Rathnakaran,K (2417)-Nguyen,H (2496) Al Ain 2015}) 9... Rb8 10. Na3 $146 ({Predecessor:} 10. Nh4 Qc7 11. Nd2 b5 12. Rab1 Ne5 13. Qc2 c4 14. dxc4 bxc4 15. Qa4 Bd7 16. Qxa7 Qxa7 17. Bxa7 {½-½ (26) Wunderlich,K-Wokrina,A Germany 1997}) 10... b5 11. Qd1 (11. Qc2 $11 {remains equal.}) 11... b4 12. Nb1 Ba6 13. Re1 bxc3 14. bxc3 Qa5 15. d4 cxd4 16. Nxd4 Ne5 17. Nb3 Qc7 18. Bf1 Bxf1 19. Rxf1 f5 20. Nd4 Qd7 21. f3 fxe4 22. fxe4 Rxf1+ 23. Kxf1 Rf8+ 24. Kg2 d5 25. Qb3 Ng4 26. Bg1 Kh8 27. Nd2 e5 28. N4f3 dxe4 29. Nxe4 Qd3 30. Nfg5 h6 31. Nf7+ Kh7 32. Ned6 Nf5 33. Nxf5 Qxf5 34. Nd6 Qf3+ 35. Kh3 h5 36. Qb7 Qxb7 37. Nxb7 e4 38. Rc1 Rb8 39. Nd6 e3 40. Ne4 Rb2 41. Ng5+ Kg8 42. c4 Bh6 ({Not} 42... Rxa2 43. c5 $17) 43. Nf3 Rxa2 44. Rd1 e2 45. Rd8+ Kf7 46. Rd7+ Ke6 47. Rc7 Be3 48. Bxe3 e1=Q 49. Nd4+ {[%emt 0:00:06] [#]} Kf6 $1 50. Rc6+ {[%emt 0:00:05] [#]} Kf7 $1 51. Rc7+ {[%emt 0:00:02] [#]} Ke8 52. Re7+ Kxe7 53. Bg5+ Ke8 54. Nf3 Qf2 55. Be3 Qxf3 56. Bg1 Qg2+ 57. Kh4 Qxg1 58. c5 Rxh2+ 59. Kg5 Qe3+ 60. Kxg6 Ne5+ 61. Kf5 Rf2+ 62. Ke6 Nd3+ 63. Kd5 Rf5+ 64. Kc4 Qe4+ 65. Kc3 Rxc5+ 66. Kd2 Qe1+ 67. Kxd3 Rd5+ 68. Kc4 Rd8 69. g4 Qc1+ 70. Kb5 Rb8+ 71. Ka6 Qa3# 0-1

[Event "Gibraltar Challengers A 2020"]
[Site "Caleta"]
[Date "2020.01.21"]
[Round "3.37"]
[White "Fischer, Robert"]
[Black "Campuzano, Franco"]
[Result "1-0"]
[ECO "C01"]
[WhiteElo "1923"]
[BlackElo "1785"]
[Annotator "NA RC"]
[PlyCount "109"]
[EventDate "2020.01.20"]
[EventType "swiss"]
[EventCountry "GGB"]
[SourceTitle "playchess.com"]
[Source "ChessBase"]
[SourceQuality "1"]
[TimeControl "6600+10"]

1. e4 e6 2. d4 d5 3. exd5 exd5 4. Nf3 Bg4 5. Bd3 Nf6 6. O-O Be7 7. c3 O-O {[%emt 0:02:15] C01: French: Exchange Variation} 8. Nbd2 b6 (8... Nbd7 9. Qc2 Bd6 10. h3 Bh5 11. Ng5 h6 12. Ngf3 Re8 13. g4 Bg6 14. Bxg6 fxg6 15. Qxg6 Nf8 16. Qf5 Ne6 17. Re1 Nf4 18. Rxe8+ Qxe8 {½-½ (36) Solak,D (2618)-Naiditsch,A (2727) Warsaw 2013}) 9. Qc2 c5 10. Ne5 Bh5 11. Re1 $146 ({Predecessor:} 11. Ndf3 cxd4 {½-½ (11) Bernardi,R-Vezzosi,P (2300) Montecatini Terme 1994}) 11... c4 12. Bf5 Bg6 13. Bxg6 fxg6 14. Ndf3 Nfd7 {[%emt 0:03:22] [#]} (14... Bd6 $16 {is a better defense.}) 15. Nxc4 $1 Nc6 16. Qb3 Nf6 17. Nce5 Rc8 18. Bg5 Kh8 19. Qb5 Nb8 20. Qe2 Ne4 21. Bxe7 Qxe7 22. Nd2 Qf6 23. Nxe4 dxe4 24. Rf1 Rce8 25. Qxe4 Re7 26. Rae1 Rfe8 27. Qf3 Qxf3 28. Nxf3 Rxe1 29. Rxe1 Rxe1+ 30. Nxe1 Kg8 31. Nf3 Kf8 32. Ne5 Ke7 33. Kf1 Kd6 34. Ke2 Na6 35. h4 Nc7 36. Kd3 Nd5 37. g3 a6 38. Nf7+ Ke7 39. Ng5 h6 40. Nf3 Ke6 41. a3 b5 42. Ne5 g5 43. hxg5 hxg5 44. b3 Kf5 45. c4 bxc4+ 46. bxc4 Nf6 47. a4 Ne4 48. Ke3 Nc3 49. g4+ Ke6 50. a5 Nd1+ 51. Kf3 $18 Nb2 52. Ke4 g6 53. d5+ Kf6 54. c5 Na4 55. Kd4 1-0

[Event "Gibraltar Challengers A 2020"]
[Site "Caleta"]
[Date "2020.01.21"]
[Round "3.38"]
[White "Brown, David"]
[Black "Hng, Mei-Xian Eunice"]
[Result "0-1"]
[ECO "B42"]
[WhiteElo "1916"]
[BlackElo "1661"]
[Annotator "NA RC"]
[PlyCount "84"]
[EventDate "2020.01.20"]
[EventType "swiss"]
[EventCountry "GGB"]
[SourceTitle "playchess.com"]
[Source "ChessBase"]
[SourceQuality "1"]
[TimeControl "6600+10"]

1. e4 c5 2. Nf3 e6 3. d4 cxd4 4. Nxd4 a6 5. Bd3 Bc5 6. Nb3 Ba7 7. O-O Nc6 8. c3 {[%emt 0:01:58] B42: Sicilian: Kan Variation: 5 Bd3} (8. Qg4 Qf6 9. Bg5 Qg6 10. Qh4 h6 11. Bf4 Nf6 12. N1d2 e5 13. Be3 Bxe3 14. fxe3 b5 15. a4 Rb8 16. axb5 axb5 {½-½ (44) Navara,D (2733)-Babula,V (2549) Ostrava 2019}) 8... Nf6 9. Qe2 d6 10. Na3 $146 ({Predecessor:} 10. N1d2 O-O 11. a4 Ne5 12. Bc2 Bd7 13. Nd4 Qc7 14. N2f3 Ng6 {0-1 (38) February,J (1933)-Pais,B (1817) Sao Martinho do Porto 2018}) 10... h6 11. Be3 O-O 12. Rad1 b5 13. Bb1 Bxe3 14. Qxe3 Qc7 15. Qf4 Ne5 16. Nd4 Bb7 17. Ndxb5 axb5 18. Nxb5 Qb6 19. Nxd6 Ng6 20. Qg3 e5 21. b3 Rfd8 22. Nxb7 Qxb7 23. Qe3 Nf4 24. g3 Nh3+ (24... Ng4 $142 25. Qf3 Nh3+ 26. Kg2 Nhxf2) 25. Kg2 Ng5 26. f3 Rxd1 27. Rxd1 Qc8 28. Rd3 Qh3+ 29. Kg1 Nh5 30. Qd2 Nxg3 31. hxg3 Qxg3+ 32. Kf1 {[%emt 0:03:57] [#]} Nxf3 $2 ({Black should play} 32... Nh3 $1 $19 33. Qg2 Qxg2+ 34. Kxg2 Nf4+ {[%mdl 64] Double Attack} 35. Kg3 Nxd3 36. Bxd3 Rxa2) 33. Qf2 $15 Qh3+ 34. Ke2 Qh1 35. Rd1 Qh2 36. Kxf3 Qh5+ 37. Ke3 Qxd1 38. Qc2 Qg1+ 39. Kf3 Ra6 40. Ke2 Rf6 41. Kd3 Qf1+ 42. Qe2 Rf3+ 0-1

[Event "Gibraltar Challengers A 2020"]
[Site "Caleta"]
[Date "2020.01.23"]
[Round "4.11"]
[White "Vinal Gutierrez, Pedro"]
[Black "Zulkipli, Zaidan"]
[Result "0-1"]
[ECO "A48"]
[WhiteElo "2069"]
[BlackElo "2174"]
[Annotator "ChessBase"]
[PlyCount "70"]
[EventDate "2020.01.20"]
[EventType "swiss"]
[EventCountry "GGB"]
[SourceTitle "playchess.com"]
[Source "ChessBase"]
[SourceQuality "1"]
[TimeControl "6600+10"]

1. d4 Nf6 2. Bf4 g6 3. e3 Bg7 4. Nf3 d6 5. h3 O-O 6. Be2 Nfd7 7. O-O e5 8. Bh2 Nc6 9. d5 Ne7 10. c4 h6 11. Nc3 f5 12. Nd2 f4 13. Bg4 g5 14. Nde4 Nf6 15. Nxf6+ Rxf6 16. Ne4 Rf8 17. Rc1 Bf5 18. Bxf5 Nxf5 19. Qe2 Qe7 20. c5 Rad8 21. Rc4 Qf7 22. cxd6 cxd6 23. Rd1 Rd7 24. Kh1 Qg6 25. g4 fxg3 26. Nxg3 Rdf7 27. Rdc1 Nxg3+ 28. Bxg3 Rf3 29. Kg2 Qf7 30. e4 Qh5 31. R1c2 g4 32. hxg4 Qxg4 33. Qe1 Bf6 34. Qh1 Bg5 35. Kh2 h5 0-1

[Event "Gibraltar Challengers A 2020"]
[Site "Caleta"]
[Date "2020.01.23"]
[Round "4.12"]
[White "Nebel, Jens"]
[Black "Stolniceanu, Victor-Dumitru"]
[Result "1-0"]
[ECO "C30"]
[WhiteElo "2168"]
[BlackElo "2074"]
[Annotator "ChessBase"]
[PlyCount "73"]
[EventDate "2020.01.20"]
[EventType "swiss"]
[EventCountry "GGB"]
[SourceTitle "playchess.com"]
[Source "ChessBase"]
[SourceQuality "1"]
[TimeControl "6600+10"]

1. e4 e5 2. Nc3 Nf6 3. f4 d6 4. Nf3 Bg4 5. h3 Bxf3 6. Qxf3 a6 7. Bc4 Nc6 8. Ne2 Na5 9. Bd3 c5 10. c3 c4 11. Bc2 Nc6 12. b3 b5 13. bxc4 bxc4 14. Ba4 Qb6 15. Rb1 Qc7 16. fxe5 dxe5 17. Nd4 exd4 18. e5 Nd7 19. Bxc6 Rd8 20. O-O Rc8 21. Qxf7+ Kd8 22. Qxd7+ Qxd7 23. Bxd7 Kxd7 24. cxd4 Ke6 25. Rb6+ Kd5 26. Bb2 Rc6 27. Rb8 Ba3 28. Rxh8 Bxb2 29. Rd8+ Ke4 30. d5 Rb6 31. e6 Bd4+ 32. Kh1 Bc5 33. e7 Bxe7 34. Re1+ Kd3 35. Rxe7 Kxd2 36. Rc7 c3 37. Rdc8 1-0